 Dungeon Crawl Stone Soup version 0.14.0-24-gfb45beb (console) character file.

24866 xw the Severer (level 12, -37/113 HPs)
             Began as a Minotaur Berserker on Apr 24, 2014.
             Was a High Priest of Trog.
             Killed from afar by a lindwurm (45 damage)
             ... with a blast of flame
             ... on Level 4 of the Lair of Beasts.
             The game lasted 00:07:58 (22969 turns).

xw the Severer (Minotaur Berserker)                Turns: 22969, Time: 00:07:58

HP -37/113       AC 26     Str 33      XL: 12   Next: 76%
MP   5/5         EV  8     Int  4      God: Trog [*****.]
Gold 924         SH  0     Dex 13      Spells:  0 memorised, 11 levels left

rFire  . . .     SeeInvis .     Y - +2,+3 hand axe (elec)
rCold  . . .     Clarity  .     m - +0 plate armour
rNeg   + . .     Conserve .     (no shield)
rPois  +         rCorr    .     (helmet unavailable)
rElec  .         rRot     .     z - +5 cloak "Che Shruts" {Str+4 Dex+2}
SustAb . .       Spirit   .     d - +1 pair of gloves
rMut   .         Warding  +     y - +0 pair of boots
Saprov . . .     Stasis   .     r - amulet of warding
MR     .....                    n - ring of poison resistance
                                g - +3 ring of strength

@: not resistant to hostile enchantments, extremely unstealthy
A: retaliatory headbutt, horns 3
a: Burn Spellbooks, Berserk, Trog's Hand, Brothers in Arms, Renounce Religion


You were on level 4 of the Lair of Beasts.
You worshipped Trog.
Trog was extremely pleased with you.
You were not hungry.

You visited 2 branches of the dungeon, and saw 13 of its levels.
You also visited: Ice Cave and Volcano.

You collected 924 gold pieces.

Inventory:

Hand weapons
 u - a +1,-1 hand axe {mapnotes,spidernest,shoals,}
 A - the +6,+4 battleaxe "Embalmer" {god gift, speed, rC++, unknown}
   (Trog gifted it to you on level 4 of the Lair of Beasts)

   Attacks with this weapon are significantly faster.
   It greatly protects you from cold.
 Y - a +2,+3 hand axe of electrocution (weapon)
Armour
 d - a +1 pair of gloves (worn)
 m - a +0 plate armour (worn)
 y - a +0 pair of boots (worn)
 z - the +5 cloak "Che Shruts" (worn) {Str+4 Dex+2}
   (You found it on level 8 of the Dungeon)

   It affects your strength (+4).
   It affects your dexterity (+2).
Magical devices
 a - a wand of disintegration (0)
 w - a wand of hasting (3)
 Q - a wand of cold (0)
Comestibles
 c - a bread ration
 f - 5 meat rations
 i - 3 pears
 o - 5 chokos
 x - 7 chunks of boulder beetle flesh
 D - 2 chunks of lindwurm flesh
 F - an apple
 K - 9 strawberries
 L - 12 oranges
 M - 9 grapes
 O - 3 rambutans
Scrolls
 b - 4 scrolls of teleportation
 e - 4 scrolls of remove curse
 h - a scroll of amnesia
 q - 4 scrolls of identify
 t - a scroll of enchant weapon II
 C - a scroll of enchant weapon I
Jewellery
 g - a +3 ring of strength (left hand)
 n - a ring of poison resistance (right hand)
 r - an amulet of warding (around neck)
 s - an uncursed ring of sustain abilities
 v - an uncursed ring of protection from magic
 H - a +3 ring of evasion
Potions
 j - a potion of might
 k - a potion of restore abilities
 l - a potion of haste
 p - a potion of mutation {unknown}
 N - 2 potions of curing


   Skills:
 + Level 12.3 Fighting
 * Level 18.2 Axes
 + Level 12.2 Armour
 - Level 2.1 Dodging


You had 11 spell levels left.
You didn't know any spells.

Dungeon Overview and Level Annotations

Branches:
Dungeon (9/15)             Temple (0/1) D:6            Lair (4/8) D:9
 Shoals (0/5) Lair:3       Spider (0/5) Lair:3
    Orc: D:9-12

Altars:
Dithmenos
Fedhas
Kikubaaqudgha
Makhleb
Okawaru
Vehumet
Yredelemnul
Zin
The Shining One

Shops:
D:5 :((   D:8 *


Innate Abilities, Weirdness & Mutations

You reflexively headbutt those who attack you in melee.
You have a pair of large horns on your head.


Message History

The lindwurm breathes flames at you.
22954 ||| turn The lindwurm breathes flames at you.
22959 ||| turn
22959 ||| found mon behind water/lava
22959 ||| turn The lindwurm breathes flames at you.
22961 ||| turn
22961 ||| found mon behind water/lava
22961 ||| turn The lindwurm breathes flames at you.
22963 ||| turn The lindwurm breathes flames at you.
22966 ||| turn
22966 ||| found mon behind water/lava
22966 ||| turn The lindwurm breathes flames at you.
22969 ||| turn The lindwurm breathes flames at you.
You die...

~#~#~.... ....#.#.##.###
~#~...## ##~~..............
~#~..## ####~...............
~~#.#. ..~~~###............##
##### ###~###.#............#
~~## ##l~#~#~.......[......# ~~#
#.l~~~####............# ~~
#..##~~~.....>........## ~
.##.#l~~~~~H.#...........#
#~~~~...#~##~~~.O.............#
~~~~~~#~~##~#~~...#.#.#..f.###.#
#~#~~~~~~#~~~~...#####...### #
.~~~~~~~#~~~~....## ##.###
...~~~~~~~~.....P#.###....#
....##~~........###.......#
...........(...P.###......##
#P......................>..#


You could see 3 lindwurms and a friendly ogre (berserk).

Vanquished Creatures
  5 death yaks (Lair:3)
  Pikel (D:7)
  2 lindwurms
  A manticore (Lair:3)
  A griffon (Lair:3)
  2 black mambas
  2 spiny frogs
  2 molten gargoyles (Volcano)
  A gargoyle (Volcano)
  A fire drake (Lair:3)
  Grinder (D:3)
  3 komodo dragons
  A two-headed ogre (D:8)
  A troll (D:9)
  A hydra skeleton (D:9)
  2 fire vortices (Volcano)
  A boulder beetle (Lair:4)
  12 blink frogs
  A basilisk (Lair:3)
  A toenail golem (Volcano)
  A tarantella (Lair:3)
  6 fire elementals (Volcano)
  2 spriggans
  A wyvern (Lair:4)
  4 sharks
  18 yaks
  3 wandering mushrooms (Lair:1)
  3 hippogriffs
  3 wolves (Lair:1)
  A soldier ant (D:6)
  4 water moccasins
  A porcupine (Lair:3)
  A necrophage (D:6)
  3 orc warriors
  2 phantoms
  2 black bears (Lair:1)
  A slave (D:7)
  5 ogres
  3 centaurs
  A sky beast (D:6)
  9 ice beasts
  Sigmund (D:2)
  5 crocodiles
  A giant slug (Lair:2)
  Blork the orc (D:8)
  A water moccasin zombie (D:9)
  8 giant frogs
  6 scorpions
  2 electric eels
  A troll skeleton (D:9)
  5 crimson imps
  2 goliath beetles
  7 hounds
  A quasit (D:6)
  A jelly (D:5)
  2 orc priests
  5 orc wizards
  5 worker ants
  6 iguanas
  Jessica (D:2)
  An ogre zombie (D:6)
  A sky beast zombie (D:9)
  11 adders
  46 green rats
  6 worms
  An inept item mimic (D:2)
  An ufetubus (IceCv)
  A giant eyeball (D:3)
  6 giant geckos
  An ooze (D:1)
  31 orcs
  3 giant cockroaches
  20 hobgoblins
  25 jackals
  16 quokkas
  3 ball pythons
  15 bats
  7 giant newts
  11 goblins
  A goblin skeleton (D:5)
  12 kobolds
  4 orc zombies
  A quokka skeleton (D:5)
  15 rats
  3 fungi
  A plant (Lair:3)
420 creatures vanquished.

Vanquished Creatures (others)
  An orc priest (D:7)
  An ufetubus (IceCv)
  2 orcs (D:7)
  2 fungi
  A plant (Lair:3)
7 creatures vanquished.

Grand Total: 427 creatures vanquished

Notes
Turn   | Place    | Note
--------------------------------------------------------------
     0 | D:1      | xw, the Minotaur Berserker, began the quest for the Orb.
     0 | D:1      | Reached XP level 1. HP: 19/19 MP: 1/1
   308 | D:1      | Reached skill level 4 in Axes
   470 | D:1      | Reached XP level 2. HP: 26/26 MP: 1/1
  1011 | D:1      | TESTING POTIONS
  1012 | D:1      | TESTING SCROLLS
  1013 | D:1      | TESTING SCROLLS
  1014 | D:1      | TESTING SCROLLS
  1015 | D:1      | New armour: pair of gloves (10)
  1017 | D:1      | New armour: ring mail (910)
  1017 | D:1      | Old armour: +0 animal skin (10)
  1025 | D:1      | Dropping junk: rotting chunk of rat flesh
  1026 | D:1      | Dropping junk armour
  1103 | D:2      | Acquired Trog's second power
  1103 | D:2      | Reached skill level 5 in Axes
  1214 | D:2      | Reached XP level 3. HP: 31/31 MP: 2/2
  1282 | D:2      | Noticed Jessica
  1284 | D:2      | Killed Jessica
  1318 | D:2      | Reached XP level 4. HP: 39/39 MP: 2/2
  1320 | D:2      | ignoring hobgoblin
  1327 | D:2      | ignoring rat
  1421 | D:2      | Noticed Sigmund
  1429 | D:2      | Killed Sigmund
  1429 | D:2      | Reached skill level 7 in Axes
  1429 | D:2      | Reached XP level 5. HP: 45/45 MP: 2/2
  1508 | D:2      | Found a glowing golden altar of the Shining One.
  1580 | D:2      | Fleeing towards (1,1) corridor
  1717 | D:2      | Found a burning altar of Makhleb.
  2112 | D:2      | WEARING RING 1 large bone ring
  2113 | D:2      | TESTING POTIONS
  2223 | D:2      | TESTING POTIONS
  2224 | D:2      | TESTING SCROLLS
  2225 | D:2      | TESTING SCROLLS
  2226 | D:2      | TESTING SCROLLS
  2261 | D:3      | Fleeing towards (7,-1) corridor
  2263 | D:3      | Fleeing towards (5,-2) corridor
  2264 | D:3      | Fleeing towards (4,-2) corridor
  2265 | D:3      | Fleeing towards (3,-3) corridor
  2314 | D:3      | Fleeing towards (0,-5) corridor
  2315 | D:3      | Fleeing towards (0,-3) corridor
  2316 | D:3      | Fleeing towards (0,-1) corridor
  2317 | D:3      | Fleeing towards (-1,-2) corridor
  2318 | D:3      | Fleeing towards (0,-1) corridor
  2405 | D:3      | Fleeing towards (6,0) corridor
  2406 | D:3      | Fleeing towards (6,1) corridor
  2408 | D:3      | Fleeing towards (5,1) corridor
  2409 | D:3      | Fleeing towards (5,1) corridor
  2523 | D:3      | Noticed Grinder
  2523 | D:3      | Paralysed by Grinder for 3 turns
  2527 | D:3      | TROG'S HAND
  2539 | D:3      | HP: 3/67 [Grinder (2)]
  2540 | D:3      | Killed Grinder
  2540 | D:3      | Reached skill level 9 in Axes
  2540 | D:3      | Reached XP level 6. HP: 3/51 MP: 3/3
  2545 | D:3      | TROG'S HAND
  2738 | D:3      | Fleeing towards (-1,0) corridor
  2744 | D:3      | Fleeing towards (-1,-1) corridor
  2853 | D:3      | Fleeing towards (-4,-3) corridor
  2855 | D:3      | Fleeing towards (-3,-3) corridor
  3062 | D:3      | Reached XP level 7. HP: 52/57 MP: 3/3
  3113 | D:3      | ignoring kobold
  3146 | D:3      | Found a glowing silver altar of Zin.
  3234 | D:3      | WEARING RING 2 large iron ring
  3235 | D:3      | TESTING POTIONS
  3236 | D:3      | TESTING POTIONS
  3246 | D:3      | TESTING POTIONS
  3269 | D:3      | TESTING POTIONS
  3270 | D:3      | TESTING SCROLLS
  3271 | D:3      | TESTING SCROLLS
  3272 | D:3      | Dropping junk: potion of brilliance
  3433 | D:4      | Found a blossoming altar of Fedhas.
  3513 | D:4      | Fleeing towards (1,2) corridor
  3516 | D:4      | Fleeing towards (0,1) corridor
  3522 | D:4      | Reached skill level 10 in Axes
  3632 | D:4      | Found a shadowy altar of Dithmenos.
  3716 | D:4      | Fleeing towards (3,3) corridor
  3765 | D:4      | Acquired Trog's third power
  3965 | D:4      | TESTING POTIONS
  3966 | D:4      | TESTING SCROLLS
  3967 | D:4      | TESTING SCROLLS
  3968 | D:4      | New armour: cloak (10)
  3976 | D:5      | Entered Level 5 of the Dungeon
  4055 | D:5      | Reached XP level 8. HP: 42/67 MP: 3/3
  4242 | D:5      | Found Zacoad's Antique Weapon Boutique.
  4252 | D:5      | Found a shadowy altar of Dithmenos.
  4328 | D:5      | Found Stytiho's Weapon Boutique.
  4416 | D:5      | Invisible monster
  4678 | D:5      | Found Umosame's Book Boutique.
  4868 | D:5      | Reached skill level 11 in Axes
  4961 | D:5      | TESTING POTIONS
  4962 | D:5      | TESTING SCROLLS
  4964 | D:5      | Dropping junk: ring of wizardry
  4965 | D:5      | Dropping junk: 2 rotting chunks of jackal flesh
  4966 | D:5      | New armour: chain mail (1010)
  4966 | D:5      | Old armour: +0 ring mail (910)
  4980 | D:5      | UPGRADING WEAPON TO hand axe
  4981 | D:5      | Dropping junk armour
  5122 | D:6      | Invisible monster
  5125 | D:6      | Reached skill level 5 in Fighting
  5352 | D:6      | Found a staircase to the Ecumenical Temple.
  5502 | D:6      | Reached skill level 5 in Armour
  5748 | D:6      | Reached skill level 12 in Axes
  5988 | D:6      | TESTING POTIONS
  5988 | D:6      | Gained mutation: You have a pair of large horns on your head. [potion of beneficial mutation]
  5991 | D:6      | New armour: pair of boots (10)
  5993 | D:6      | TRYING WAND
  5994 | D:6      | Dropping junk: wand of digging {zapped: 1}
  5995 | D:6      | TRYING WAND
  6339 | D:7      | Reached XP level 9. HP: 73/75 MP: 4/4
  6452 | D:7      | Fleeing towards (1,-1) corridor
  6453 | D:7      | Fleeing towards (1,-1) corridor
  6546 | D:7      | Fleeing towards (-2,7) corridor
  6547 | D:7      | Fleeing towards (-2,5) corridor
  6903 | D:7      | Noticed Pikel
  6903 | D:7      | Fleeing towards (3,-2) corridor
  6904 | D:7      | Fleeing towards (4,-3) corridor
  6905 | D:7      | Fleeing towards (5,-4) corridor
  6907 | D:7      | Fleeing towards (3,-2) corridor
  6917 | D:7      | Killed Pikel
  6917 | D:7      | Reached skill level 13 in Axes
  7228 | D:7      | TESTING SCROLLS
  7258 | D:8      | Noticed Blork the orc
  7267 | D:8      | Killed Blork the orc
  7660 | D:8      | Found Imyedy's General Store.
  7697 | D:8      | Got a dazzling cloak
  7698 | D:8      | Found an ancient bone altar of Kikubaaqudgha.
  7735 | D:8      | Found a radiant altar of Vehumet.
  7805 | D:8      | Fleeing towards (1,-1) corridor
  8085 | D:8      | Fleeing towards (5,-2) corridor
  8179 | D:8      | Received a gift from Trog
  8409 | D:8      | Fleeing towards (-4,1) corridor
  8410 | D:8      | Fleeing towards (-3,2) corridor
  8412 | D:8      | Fleeing towards (-1,1) corridor
  8447 | D:8      | FLEEEEING
  8448 | D:8      | FLEEEEING
  8467 | D:8      | INVISIBILITY
  8632 | D:8      | TESTING SCROLLS
  8633 | D:8      | New armour: dazzling cloak (210)
  8633 | D:8      | Old armour: +0 cloak (10)
  8636 | D:8      | Identified the +5 cloak "Che Shruts" {Str+4 Dex+2} (You found it on level 8 of the Dungeon)
  8636 | D:8      | UPGRADING WEAPON TO runed hand axe
  8637 | D:8      | Dropping junk armour
  8638 | D:8      | Dropping junk weapon
  8639 | D:8      | TRYING WAND
  8640 | D:8      | TRYING WAND
  8640 | D:8      | Paralysed by you for 2 turns
  8643 | D:8      | Dropping junk: wand of paralysis {zapped: 1}
  8661 | D:8      | Reached XP level 10. HP: 88/88 MP: 4/4
  8727 | D:8      | Dropping junk: 2 rotting chunks of orc flesh
  8804 | D:9      | Found a basalt altar of Yredelemnul.
  8804 | D:9      | Found an iron altar of Okawaru.
  9132 | D:9      | Reached skill level 14 in Axes
  9235 | D:9      | Found a staircase to the Lair.
  9658 | D:9      | Fleeing towards (0,-7) corridor
  9659 | D:9      | Fleeing towards (0,-5) corridor
  9661 | D:9      | INVISIBILITY
  9974 | Lair:1   | Entered Level 1 of the Lair of Beasts
 10159 | Lair:1   | Received a gift from Trog
 10168 | Lair:1   | HEALING POTION l
 10169 | Lair:1   | HEALING POTION l
 10176 | Lair:1   | found mon behind water/lava
 10176 | Lair:1   | ZAP ZAP ZAP
 10176 | Lair:1   | ZAPPING wand of cold {zapped: 1}
 10177 | Lair:1   | found mon behind water/lava
 10177 | Lair:1   | ZAP ZAP ZAP
 10177 | Lair:1   | ZAPPING wand of cold {zapped: 2}
 10178 | Lair:1   | found mon behind water/lava
 10178 | Lair:1   | ZAP ZAP ZAP
 10178 | Lair:1   | ZAPPING wand of cold {zapped: 3}
 10179 | Lair:1   | found mon behind water/lava
 10179 | Lair:1   | ZAP ZAP ZAP
 10179 | Lair:1   | ZAPPING wand of cold {zapped: 4}
 10344 | Lair:1   | ignoring wolf
 10352 | Lair:1   | Reached skill level 15 in Axes
 10402 | Lair:1   | ignoring giant gecko
 10645 | Lair:1   | Reached XP level 11. HP: 99/99 MP: 4/4
 11228 | Lair:1   | WEARING AMULET
 11229 | Lair:1   | TESTING POTIONS
 11333 | Lair:1   | TESTING POTIONS
 11333 | Lair:1   | Paralysed by a potion of paralysis for 7 turns
 11340 | Lair:1   | TESTING SCROLLS
 11344 | Lair:1   | Dropping junk: scroll of blinking
 11345 | Lair:1   | New armour: plate armour (1210)
 11345 | Lair:1   | Old armour: +0 chain mail (1010)
 11364 | Lair:1   | Dropping junk armour
 11365 | Lair:1   | TRYING WAND
 11366 | Lair:1   | TRYING WAND
 11378 | Lair:1   | Dropping junk: wand of magic darts {zapped: 1}
 11386 | Lair:1   | ignoring bat
 11386 | Lair:1   | ignoring bat
 11420 | Lair:2   | ignoring quokka
 11574 | Lair:2   | Reached skill level 10 in Fighting
 11721 | Lair:2   | ignoring giant frog
 11931 | Lair:2   | Found a frozen archway.
 11945 | Lair:2   | Reached skill level 10 in Armour
 11961 | IceCv    | Entered an ice cave
 12069 | Lair:2   | Reached skill level 16 in Axes
 12359 | Lair:3   | ignoring blink frog
 12510 | Lair:3   | Noticed a fire drake
 12513 | Lair:3   | Killed a fire drake
 12528 | Lair:3   | ignoring green rat
 12548 | Lair:3   | Received a gift from Trog
 12626 | Lair:3   | Found a dark tunnel.
 12635 | Volcano  | Entered a volcano
 12639 | Volcano  | Fleeing towards (-2,3) corridor
 12640 | Volcano  | Fleeing towards (1,4) corridor
 12643 | Volcano  | Fleeing towards (0,1) corridor
 12644 | Volcano  | Fleeing towards (1,1) corridor
 12694 | Volcano  | Fleeing towards (-4,5) corridor
 12696 | Volcano  | Fleeing towards (0,4) corridor
 12697 | Volcano  | Fleeing towards (2,4) corridor
 12704 | Volcano  | Fleeing towards (1,5) corridor
 12705 | Volcano  | Fleeing towards (2,5) corridor
 12708 | Volcano  | Fleeing towards (4,4) corridor
 12718 | Volcano  | Fleeing towards (2,-2) corridor
 12726 | Volcano  | Fleeing towards (2,3) corridor
 12730 | Volcano  | Fleeing towards (2,1) corridor
 12735 | Volcano  | Fleeing towards (2,2) corridor
 12741 | Volcano  | Fleeing towards (-1,3) corridor
 12742 | Volcano  | Fleeing towards (1,2) corridor
 12745 | Volcano  | Fleeing towards (-3,3) corridor
 12747 | Volcano  | Fleeing towards (1,1) corridor
 12748 | Volcano  | Fleeing towards (1,1) corridor
 12750 | Volcano  | Fleeing towards (2,2) corridor
 12785 | Volcano  | FLEEEEING
 13037 | Volcano  | Noticed a lindwurm
 13038 | Volcano  | found mon behind water/lava
 13038 | Volcano  | ZAP ZAP ZAP
 13038 | Volcano  | ZAPPING wand of lightning {zapped: 1}
 13039 | Volcano  | found mon behind water/lava
 13039 | Volcano  | ZAP ZAP ZAP
 13039 | Volcano  | ZAPPING wand of lightning {zapped: 2}
 13040 | Volcano  | found mon behind water/lava
 13040 | Volcano  | ZAP ZAP ZAP
 13040 | Volcano  | ZAPPING wand of lightning {zapped: 3}
 13041 | Volcano  | found mon behind water/lava
 13041 | Volcano  | ZAP ZAP ZAP
 13041 | Volcano  | ZAPPING wand of lightning {zapped: 4}
 13042 | Volcano  | found mon behind water/lava
 13042 | Volcano  | ZAP ZAP ZAP
 13042 | Volcano  | ZAPPING wand of lightning {zapped: 5}
 13042 | Volcano  | Killed a lindwurm
 13059 | Volcano  | found mon behind water/lava
 13059 | Volcano  | ZAP ZAP ZAP
 13059 | Volcano  | ZAPPING wand of lightning {zapped: 6}
 13060 | Volcano  | found mon behind water/lava
 13060 | Volcano  | ZAP ZAP ZAP
 13060 | Volcano  | ZAPPING wand of lightning {zapped: 7}
 13061 | Volcano  | found mon behind water/lava
 13061 | Volcano  | ZAP ZAP ZAP
 13061 | Volcano  | ZAPPING wand of lightning {zapped: 8}
 13062 | Volcano  | found mon behind water/lava
 13062 | Volcano  | ZAP ZAP ZAP
 13062 | Volcano  | ZAPPING wand of cold {zapped: 5}
 13064 | Volcano  | found mon behind water/lava
 13064 | Volcano  | ZAP ZAP ZAP
 13064 | Volcano  | ZAPPING wand of cold {zapped: 6}
 13066 | Volcano  | found mon behind water/lava
 13066 | Volcano  | ZAP ZAP ZAP
 13066 | Volcano  | ZAPPING wand of cold {zapped: 7}
 13073 | Volcano  | found mon behind water/lava
 13073 | Volcano  | ZAP ZAP ZAP
 13073 | Volcano  | ZAPPING wand of cold {zapped: 8}
 13074 | Volcano  | found mon behind water/lava
 13074 | Volcano  | ZAP ZAP ZAP
 13074 | Volcano  | ZAPPING wand of cold {zapped: 9}
 13076 | Volcano  | found mon behind water/lava
 13076 | Volcano  | ZAP ZAP ZAP
 13076 | Volcano  | ZAPPING wand of cold {zapped: 10}
 13078 | Volcano  | found mon behind water/lava
 13078 | Volcano  | ZAP ZAP ZAP
 13078 | Volcano  | ZAPPING wand of frost {zapped: 2}
 13079 | Volcano  | found mon behind water/lava
 13079 | Volcano  | ZAP ZAP ZAP
 13079 | Volcano  | ZAPPING wand of frost {zapped: 3}
 13080 | Volcano  | found mon behind water/lava
 13080 | Volcano  | ZAP ZAP ZAP
 13080 | Volcano  | ZAPPING wand of frost {zapped: 4}
 13081 | Volcano  | found mon behind water/lava
 13081 | Volcano  | ZAP ZAP ZAP
 13081 | Volcano  | ZAPPING wand of frost {zapped: 5}
 13082 | Volcano  | found mon behind water/lava
 13082 | Volcano  | ZAP ZAP ZAP
 13082 | Volcano  | ZAPPING wand of frost {zapped: 6}
 13084 | Volcano  | found mon behind water/lava
 13084 | Volcano  | ZAP ZAP ZAP
 13084 | Volcano  | ZAPPING wand of frost {zapped: 7}
 13085 | Volcano  | found mon behind water/lava
 13085 | Volcano  | ZAP ZAP ZAP
 13085 | Volcano  | ZAPPING wand of frost {zapped: 8}
 13086 | Volcano  | found mon behind water/lava
 13086 | Volcano  | ZAP ZAP ZAP
 13086 | Volcano  | ZAPPING wand of frost {zapped: 9}
 13088 | Volcano  | found mon behind water/lava
 13088 | Volcano  | ZAP ZAP ZAP
 13088 | Volcano  | ZAPPING wand of frost {zapped: 10}
 13089 | Volcano  | found mon behind water/lava
 13089 | Volcano  | ZAP ZAP ZAP
 13089 | Volcano  | ZAPPING wand of frost {zapped: 11}
 13091 | Volcano  | found mon behind water/lava
 13091 | Volcano  | ZAP ZAP ZAP
 13091 | Volcano  | ZAPPING wand of frost {zapped: 12}
 13092 | Volcano  | found mon behind water/lava
 13092 | Volcano  | ZAP ZAP ZAP
 13092 | Volcano  | ZAPPING wand of cold
 13096 | Volcano  | found mon behind water/lava
 13096 | Volcano  | ZAP ZAP ZAP
 13096 | Volcano  | ZAPPING wand of cold {zapped: 1}
 13097 | Volcano  | found mon behind water/lava
 13097 | Volcano  | ZAP ZAP ZAP
 13097 | Volcano  | ZAPPING wand of cold {zapped: 2}
 13100 | Volcano  | found mon behind water/lava
 13100 | Volcano  | ZAP ZAP ZAP
 13100 | Volcano  | ZAPPING wand of cold {zapped: 3}
 13101 | Volcano  | found mon behind water/lava
 13101 | Volcano  | ZAP ZAP ZAP
 13101 | Volcano  | ZAPPING wand of cold {zapped: 4}
 13102 | Volcano  | found mon behind water/lava
 13102 | Volcano  | ZAP ZAP ZAP
 13102 | Volcano  | ZAPPING wand of cold {zapped: 5}
 13103 | Volcano  | found mon behind water/lava
 13103 | Volcano  | ZAP ZAP ZAP
 13103 | Volcano  | ZAPPING wand of cold {zapped: 6}
 13222 | Volcano  | FLEEEEING
 20955 | Lair:3   | Reached XP level 12. HP: 110/110 MP: 5/5
 21132 | Lair:3   | ignoring shark
 21159 | Lair:3   | Reached skill level 17 in Axes
 21393 | Lair:3   | Found a hole to the Spider Nest.
 21394 | Lair:3   | Found Spider
 21476 | Lair:3   | ZAP ZAP ZAP
 21476 | Lair:3   | ZAPPING wand of cold {zapped: 7}
 21613 | Lair:3   | ZAP ZAP ZAP
 21613 | Lair:3   | ZAPPING wand of magic darts
 21614 | Lair:3   | ZAP ZAP ZAP
 21614 | Lair:3   | ZAPPING wand of magic darts {zapped: 1}
 21984 | Lair:3   | Found a staircase to the Shoals.
 21985 | Lair:3   | Found Shoals
 22210 | Lair:3   | Dropping junk: wand of lightning {empty}
 22211 | Lair:3   | Dropping junk: wand of cold {empty}
 22212 | Lair:3   | Dropping junk: 3 rotting chunks of griffon flesh
 22213 | Lair:3   | Dropping junk: wand of frost {empty}
 22214 | Lair:3   | Dropping junk: wand of magic darts {zapped: 2}
 22215 | Lair:3   | TRYING WAND
 22368 | Lair:4   | Received a gift from Trog
 22397 | Lair:4   | Reached skill level 18 in Axes
 22434 | Lair:4   | Got a dazzling battleaxe {god gift}
 22503 | Lair:4   | ignoring blink frog
 22917 | Lair:4   | found mon behind water/lava
 22917 | Lair:4   | ZAP ZAP ZAP
 22917 | Lair:4   | ZAPPING wand of disintegration {zapped: 1}
 22927 | Lair:4   | found mon behind water/lava
 22927 | Lair:4   | ZAP ZAP ZAP
 22927 | Lair:4   | ZAPPING wand of disintegration {zapped: 2}
 22928 | Lair:4   | found mon behind water/lava
 22928 | Lair:4   | ZAP ZAP ZAP
 22928 | Lair:4   | ZAPPING wand of disintegration {zapped: 3}
 22929 | Lair:4   | found mon behind water/lava
 22929 | Lair:4   | ZAP ZAP ZAP
 22929 | Lair:4   | ZAPPING wand of disintegration {zapped: 4}
 22930 | Lair:4   | found mon behind water/lava
 22930 | Lair:4   | ZAP ZAP ZAP
 22930 | Lair:4   | ZAPPING wand of disintegration {zapped: 5}
 22931 | Lair:4   | found mon behind water/lava
 22931 | Lair:4   | ZAP ZAP ZAP
 22931 | Lair:4   | ZAPPING wand of disintegration {zapped: 6}
 22933 | Lair:4   | found mon behind water/lava
 22933 | Lair:4   | ZAP ZAP ZAP
 22933 | Lair:4   | ZAPPING wand of disintegration {zapped: 7}
 22934 | Lair:4   | found mon behind water/lava
 22934 | Lair:4   | ZAP ZAP ZAP
 22934 | Lair:4   | ZAPPING wand of disintegration {zapped: 8}
 22935 | Lair:4   | found mon behind water/lava
 22935 | Lair:4   | ZAP ZAP ZAP
 22935 | Lair:4   | ZAPPING wand of disintegration {zapped: 9}
 22936 | Lair:4   | found mon behind water/lava
 22936 | Lair:4   | ZAP ZAP ZAP
 22936 | Lair:4   | ZAPPING wand of disintegration {zapped: 10}
 22937 | Lair:4   | found mon behind water/lava
 22937 | Lair:4   | ZAP ZAP ZAP
 22937 | Lair:4   | ZAPPING wand of disintegration {zapped: 11}
 22938 | Lair:4   | found mon behind water/lava
 22938 | Lair:4   | ZAP ZAP ZAP
 22938 | Lair:4   | ZAPPING wand of disintegration {zapped: 12}
 22939 | Lair:4   | found mon behind water/lava
 22939 | Lair:4   | ZAP ZAP ZAP
 22939 | Lair:4   | ZAPPING wand of disintegration {zapped: 13}
 22940 | Lair:4   | found mon behind water/lava
 22940 | Lair:4   | ZAP ZAP ZAP
 22940 | Lair:4   | ZAPPING wand of disintegration {zapped: 14}
 22941 | Lair:4   | found mon behind water/lava
 22941 | Lair:4   | ZAP ZAP ZAP
 22941 | Lair:4   | ZAPPING wand of disintegration {zapped: 15}
 22944 | Lair:4   | found mon behind water/lava
 22944 | Lair:4   | ZAP ZAP ZAP
 22944 | Lair:4   | ZAPPING wand of cold {zapped: 8}
 22945 | Lair:4   | found mon behind water/lava
 22945 | Lair:4   | ZAP ZAP ZAP
 22945 | Lair:4   | ZAPPING wand of cold {zapped: 9}
 22947 | Lair:4   | found mon behind water/lava
 22947 | Lair:4   | ignoring lindwurm
 22947 | Lair:4   | found mon behind water/lava
 22947 | Lair:4   | found mon behind water/lava
 22947 | Lair:4   | found mon behind water/lava
 22953 | Lair:4   | found mon behind water/lava
 22959 | Lair:4   | found mon behind water/lava
 22961 | Lair:4   | found mon behind water/lava
 22966 | Lair:4   | found mon behind water/lava
 22969 | Lair:4   | Killed from afar by a lindwurm

Action                   |  1- 3 |  4- 6 |  7- 9 | 10-12 || total
-------------------------+-------+-------+-------+-------++-------
Melee: Hand axe          |    63 |   118 |   409 |   483 ||  1073
Invok: Berserk           |       |     2 |    12 |    12 ||    26
       Trog's Hand       |       |     2 |       |       ||     2
       Brothers in Arms  |       |       |       |     1 ||     1
Evoke: Wand              |       |       |     4 |    54 ||    58
  Use: Scroll            |     3 |     3 |    10 |     4 ||    20
       Potion            |     1 |     2 |     8 |     5 ||    16
 Stab: Invisible         |       |       |     3 |     1 ||     4

Vault maps used:
D:1:      scummos_arrival_simple_crosswalls
D:2:      wad_woods_stonehenge, makhleb_blood_cavern_becter, moated_statue,
          uniq_sigmund, uniq_jessica
D:3:      general_overflow_altar, first_bread, grunt_ministairs_8, uniq_grinder
D:4:      old_standard_altar, grunt_dithmenos_smoke
D:5:      old_standard_altar, serial_shops, nicolae_shop_window_shopping,
          nicolae_shop_temple_entry_statues_fountains, shop, st_stairs_8
D:6:      minmay_temple_entry_trees
D:7:      uniq_pikel
D:8:      kennysheep_little_box, vehumet_altar_wand_db, serial_shops,
          nicolae_shop_temple_entry_statues_fountains, the_bakery,
          grunt_decor_cap, uniq_blork_the_orc
D:9:      grunt_temple_overflow_open, lair_0_dummy, serial_bayou_crossing
Lair:1:   fungi_pond_lemuel, grunt_forest_large_clearings
Lair:2:   portal_ice_cave_entry_ice_beasts
Lair:3:   minmay_shoals_entry_beasts, spider_nest_entry_rubble, enter_volcano_1,
          lemuel_fruit_tree
Lair:4:   minmay_lindwurm_lava, infiniplex_staircase_pool
IceCv:    ice_cave_small_demon
Volcano:  volcano_aerie
